 Dungeon Crawl Stone Soup version 0.28.0-45-g0d030f2227 (webtiles) character file.

Game seed: 10169545465386936030

6405 NinjaNoafa the Adept (level 10, -12/73 HPs)
             Began as a Grey Draconian Fire Elementalist on Apr 14, 2022.
             Was a Believer of Sif Muna.
             Mangled by a two-headed ogre
             ... wielding a +0 giant club
              (18 damage)
             ... on level 10 of the Dungeon.
             The game lasted 00:47:52 (10885 turns).

NinjaNoafa the Adept (DrFE)                        Turns: 10885, Time: 00:47:54

Health: -12/73     AC: 18    Str:  9    XL:     10   Next: 66%
Magic:  14/18      EV: 12    Int: 22    God:    Sif Muna [**....]
Gold:   1529       SH:  0    Dex:  8    Spells: 7/19 levels left

rFire   . . .      SeeInvis .   f - +10 scimitar of Royalism {vorpal, rElec Str-3 Int+4}
rCold   + . .      Faith    .   (no shield)
rNeg    . . .      Spirit   .   (armour unavailable)
rPois   +          Reflect  .   (helmet restricted)
rElec   +          Harm     .   m - +1 cloak
rCorr   .          Rampage  .   e - +2 pair of gloves
Will    .....                   d - +0 pair of boots "Yblogh" {+Blink rF+ Str+3 Dex-5}
Stlth   ++........              c - amulet of magic regeneration
HPRegen 0.22/turn               n - ring of flight
MPRegen 0.56/turn               G - ring of ice

@: flying, studying Dodging
A: AC +12, amphibious, unfitting armour, cold-blooded, agile 1, dopey 1, poison
resistance, weak 1
a: Renounce Religion, Evoke Blink, Channel Magic


You were on level 10 of the Dungeon.
You worshipped Sif Muna.
Sif Muna was pleased with you.
You visited 2 branches of the dungeon, and saw 11 of its levels.
You also visited: Sewer.

You collected 1672 gold pieces.
You spent 143 gold pieces at shops.

Inventory:

Hand Weapons
 f - the +10 scimitar of Royalism (weapon) {vorpal, rElec Str-3 Int+4}
   (You found it on level 2 of the Dungeon)

   It inflicts extra damage upon your enemies.
   Str:       It affects your strength (-3).
   Int:       It affects your intelligence (+4).
   rElec:     It insulates you from electricity.
 l - a +4 quarterstaff of chaos
Missiles
 a - 300 stones
 g - 56 poisoned darts (quivered)
Armour
 d - the +0 pair of boots "Yblogh" (worn) {+Blink rF+ Str+3 Dex-5}
   (You found it on level 4 of the Dungeon)

   Str:       It affects your strength (+3).
   Dex:       It affects your dexterity (-5).
   rF:        It protects you from fire.
   +Blink:    It lets you blink.
 e - a +2 pair of gloves (worn)
 k - a +0 buckler
 m - a +1 cloak (worn)
 u - a +0 pair of gloves
 w - a +1 pair of boots
Magical Staves
 x - a staff of earth
 C - a staff of air
Jewellery
 c - an amulet of magic regeneration (around neck)
 n - a ring of flight (left hand)
 q - an amulet of the acrobat
 G - a ring of ice (right hand)
Wands
 o - a wand of flame (19)
 z - a wand of acid (1)
Scrolls
 j - a scroll of summoning
 p - a scroll of magic mapping
 s - 5 scrolls of identify
 t - 2 scrolls of teleportation
 y - 2 scrolls of noise
 D - a scroll of amnesia {unknown}
 E - a scroll of holy word {unknown}
 F - a scroll of fog
Potions
 b - 3 potions of lignification
 h - 2 potions of degeneration
 i - 2 potions of magic
 r - a potion of curing
 v - a potion of brilliance
 A - a potion of berserk rage
Miscellaneous
 B - a piece from Xom's chessboard (15/15)


   Skills:
 - Level 2.0 Fighting
 - Level 4.0 Long Blades
 * Level 4.5 Dodging
 - Level 3.0 Stealth
 - Level 5.4 Spellcasting
 - Level 3.8 Conjurations
 - Level 2.3 Hexes
 + Level 1.4 Necromancy
 - Level 4.3 Translocations
 - Level 3.3 Transmutations
 + Level 5.1 Fire Magic
 - Level 3.0 Air Magic
 + Level 1.7 Earth Magic
 - Level 4.8 Poison Magic
 + Level 6.0 Invocations
 + Level 5.8 Evocations


You had 7 spell levels left.
You knew the following spells:

 Your Spells              Type           Power      Damage    Failure   Level
a - Foxfire               Conj/Fire      100%       2x1d9     1%          1
b - Scorch                Fire           56%        2d7       1%          2
c - Conjure Flame         Conj/Fire      25%        6-21      4%          3
d - Sting                 Tmut/Pois      96%        1d7       1%          1
e - Poisonous Vapours     Pois/Air       46%        N/A       2%          2
f - Gell's Gravitas       Tloc           25%        N/A       4%          3

Your spell library contained the following spells:

 Spells                   Type           Power      Damage    Failure   Level
 Teleport Other           Tloc           25%        N/A       4%          3
 Inner Flame              Hex/Fire       22%        N/A       6%          3
 Confusing Touch          Hex            16%        N/A       11%         3
 Olgreb's Toxic Radiance  Pois           27%        N/A       13%         4
 Flame Wave               Conj/Fire      25%        2d7       16%         4
 Iskenderun's Mystic Bla  Conj/Tloc      23%        2d6       19%         4
 Fulminant Prism          Conj/Hex       9%         3d7       26%         4
 Alistair's Intoxication  Tmut/Pois      16%        N/A       45%         5
 Blade Hands              Tmut           10%        N/A       56%         5
 Yara's Violent Unravell  Hex/Tmut       9%         3d6       63%         5
 Borgnjor's Vile Clutch   Necr/Erth      6%         N/A       80%         5
 Lee's Rapid Deconstruct  Erth           6%         3d7*      80%         5
 Agony                    Necr           12%        N/A       83%         5
 Dispersal                Tloc           12%        N/A       94%         6
 Eringya's Noxious Bog    Tmut/Pois      12%        N/A       95%         6
 Iron Shot                Conj/Erth      9%         9d3       99%         6
 Enfeeble                 Hex            8%         N/A       100%        7
 Animate Armour           Summ/Erth      Unusable   N/A       N/A         4

Dungeon Overview and Level Annotations

Branches:
Dungeon (10/15)            Temple (1/1) D:5           Sewer (visited)
   Lair: D:8-11         Orc: D:9-12

Altars:
Ashenzari
Cheibriados
Dithmenos
Elyvilon
Fedhas
Gozag
Hepliaklqana
Kikubaaqudgha
Makhleb
Nemelex Xobeh
Okawaru
Qazlal
Ru
Sif Muna
Uskayaw
Vehumet
Wu Jian
Xom
Yredelemnul
Zin
The Shining One

Shops:
D:1 [   D:4 (   D:8 !

Annotations:
D:8 3 runed translucent doors, cookedgoose's ghost, novice DDNe


Innate Abilities, Weirdness & Mutations

Your dull iron-grey scales are very hard. (AC +12)
You are amphibious.
You cannot fit into any form of body armour.
You are cold-blooded and may be slowed by cold attacks.
You are agile. (Dex +2)
You are dopey. (Int -2)
Your system is resistant to poisons. (rPois)
You are weak. (Str -2)


Message History

Aiming: Poisonous Vapours (safe; 2% risk of failure)
Press: ? - help, Dir - move target, f/p - two-headed ogre
Aim: a two-headed ogre, wielding a +0 giant club and a +0 giant spiked club (lightly wounded, poisoned, more vulnerable to fire) Poisonous vapours surround the two-headed ogre!
The two-headed ogre looks even sicker.
Casting: Poisonous Vapours (safe; 2% risk of failure)
Confirm with . or Enter, or press ? or * to list all spells.
Aiming: Poisonous Vapours (safe; 2% risk of failure)
Press: ? - help, Dir - move target, f/p - two-headed ogre
Aim: a two-headed ogre, wielding a +0 giant club and a +0 giant spiked club (lightly wounded, very poisoned, more vulnerable to fire) Poisonous vapours surround the two-headed ogre!
The two-headed ogre looks as sick as possible!
The two-headed ogre hits you with a +0 giant club!
The two-headed ogre hits you but does no damage.
Casting: Poisonous Vapours (safe; 2% risk of failure)
Confirm with . or Enter, or press ? or * to list all spells.
Aiming: Sting (safe; 1% risk of failure)
Press: ? - help, Shift-Dir - straight line, f/p - two-headed ogre
Aim: a two-headed ogre, wielding a +0 giant club and a +0 giant spiked club (moderately wounded, extremely poisoned, more vulnerable to fire, 89% to hit)
The sting hits the two-headed ogre.
The two-headed ogre looks as sick as possible!
The two-headed ogre is moderately wounded.
The two-headed ogre hits you with a +0 giant club!
The two-headed ogre hits you but does no damage.
The two-headed ogre is no longer more vulnerable to fire.
The two-headed ogre hits you with a +0 giant club!!
The two-headed ogre hits you with a +0 giant spiked club!
* * * LOW HITPOINT WARNING * * *
You feel better.
Okay, then.
Okay, then.
Okay, then.
Okay, then.
Casting: Sting (safe; 1% risk of failure)
Confirm with . or Enter, or press ? or * to list all spells.
Flames lash the two-headed ogre but do no damage.
The two-headed ogre hits you with a +0 giant club!
* * * LOW HITPOINT WARNING * * *
The two-headed ogre hits you with a +0 giant spiked club!!
You die...

#......# #......#
##....# #......#
#...... #......###
#...... #.........
#..≈... #......#
#...≈.. ##......#
#......##<......#.
........@O........?
(.......#######.._.
####..#..#### ....
#####.......# #..
.......<###.# ##
...##.#.# .# ##
#.#.# .. ..#.. # #.
.).


You could see a two-headed ogre (very poisoned).

Vanquished Creatures
  Pikel (D:6)
  2 manticores (D:8)
  A tengu conjurer (D:8)
  A troll (D:8)
  Grinder (D:4)
  Sigmund (D:3)
  2 yaks (D:9)
  3 steam dragons
  A water moccasin (D:8)
  Edmund (D:5)
  Duvessa (D:6)
  An ice beast (D:8)
  A sky beast (D:6)
  A necrophage (D:8)
  3 centaurs
  2 ogres
  2 black bears
  A lemure (D:6)
  A phantom (D:6)
  5 kobold brigands
  3 bullfrogs
  A scorpion (D:4)
  A gnoll sergeant (D:8)
  A wyvern skeleton (D:6)
  Dowan (D:6)
  A water moccasin skeleton (D:5)
  A wight (D:8)
  5 killer bees (D:9)
  A howler monkey (D:5)
  2 centaur zombies
  A bullfrog zombie (D:7)
  A hound (D:6)
  A jelly (D:5)
  A centaur skeleton (D:6)
  4 orc priests
  Crazy Yiuf (D:3)
  Jessica (D:2)
  Natasha (twice) (D:2)
  6 iguanas
  4 orc wizards
  A killer bee zombie (D:8)
  Robin (D:2)
  A howler monkey skeleton (D:6)
  8 gnolls
  10 adders
  2 white imps
  An ufetubus (D:7)
  3 dart slugs
  17 orcs
  13 bats
  16 endoplasms
  8 giant cockroaches
  15 goblins
  5 hobgoblins
  23 kobolds
  6 quokkas
  12 ball pythons
  3 frilled lizards
  27 rats
243 creatures vanquished.

Vanquished Creatures (collateral kills)
  A foxfire (Sewer)
1 creature vanquished.

Vanquished Creatures (others)
  296 foxfires
  3 plants (Sewer)
299 creatures vanquished.

Grand Total: 543 creatures vanquished

Notes
Turn   | Place    | Note
-------+----------+-------------------------------------------
     0 | D:1      | NinjaNoafa the Draconian Fire Elementalist began the quest
                  | for the Orb.
     0 | D:1      | Reached XP level 1. HP: 14/14 MP: 3/3
   602 | D:1      | Reached XP level 2. HP: 12/20 MP: 0/5
   796 | D:1      | Found Awnuhud's Antique Armour Boutique.
  1103 | D:1      | Reached XP level 3. HP: 26/26 MP: 3/6
  1106 | D:1      | Learned a level 2 spell: Scorch
  1605 | D:1      | Found a faded altar of an unknown god.
  1942 | D:2      | Identified the +10 scimitar of Royalism {vorpal, rElec
                  | Str-3 Int+4}
  1992 | D:2      | Identified the +2 helmet of Atwot {+Blink +Inv Str-2}
  1992 | D:2      | Noticed Robin
  2017 | D:2      | Killed Robin
  2018 | D:2      | Reached XP level 4. HP: 33/33 MP: 1/7
  2286 | D:2      | Noticed Natasha
  2286 | D:2      | Noticed Jessica
  2291 | D:2      | Killed Jessica
  2292 | D:2      | Reached skill level 1 in Long Blades
  2300 | D:2      | Killed Natasha
  2301 | D:2      | Reached XP level 5. HP: 29/38 MP: 4/8
  2912 | D:2      | Found a shimmering altar of Xom.
  3190 | D:3      | Noticed Sigmund
  3197 | D:3      | Killed Sigmund
  3198 | D:3      | Reached XP level 6. HP: 46/46 MP: 7/11
  3241 | D:3      | Found a glowing drain.
  3267 | Sewer    | Entered a sewer
  3295 | Sewer    | Reached skill level 1 in Fighting
  3556 | D:3      | Got the Handbook of Dark Rituals and Stones
  3627 | D:3      | Your scales start taking on a dull iron-grey colour.
  3627 | D:3      | Reached XP level 7. HP: 52/52 MP: 12/12
  3756 | D:3      | Found a runed translucent door.
  3757 | D:3      | Noticed Crazy Yiuf
  3764 | D:3      | Learned a level 3 spell: Conjure Flame
  3822 | D:3      | Gained mutation: You are weak. (Str -2) [potion of
                  | mutation]
  3822 | D:3      | Gained mutation: You are dopey. (Int -2) [potion of
                  | mutation]
  3822 | D:3      | Gained mutation: You have hidden genetic defects. [potion
                  | of mutation]
  3822 | D:3      | Gained mutation: You are agile. (Dex +2) [potion of
                  | mutation]
  3841 | D:3      | Killed Crazy Yiuf
  4386 | D:4      | Found Rooner's Weapon Shoppe.
  4408 | D:4      | Identified a scroll of acquirement
  4408 | D:4      | Acquired 1094 gold pieces
  4424 | D:4      | Identified the +0 pair of boots "Yblogh" {+Blink rF+ Str+3
                  | Dex-5}
  4520 | D:4      | Gained mutation: You tend to lose your temper in combat.
                  | [hidden defects]
  4596 | D:4      | Reached skill level 1 in Evocations
  4738 | D:4      | Noticed Grinder
  4745 | D:4      | Killed Grinder
  4757 | D:4      | Gained mutation: Your spells are a little easier to cast,
                  | but a little less powerful. [hidden defects]
  4757 | D:4      | Lost mutation: You have hidden genetic defects. [hidden
                  | defects expressed]
  4951 | D:4      | Found a sparkling altar of Nemelex Xobeh.
  4975 | D:4      | Found a shimmering altar of Xom.
  5023 | D:5      | Entered Level 5 of the Dungeon
  5042 | D:5      | Noticed Edmund
  5053 | D:5      | Killed Edmund
  5054 | D:5      | Reached skill level 1 in Transmutations
  5054 | D:5      | Reached skill level 1 in Poison Magic
  5054 | D:5      | Reached XP level 8. HP: 51/61 MP: 9/14
  5104 | D:5      | Learned a level 1 spell: Sting
  5146 | D:5      | Found a white marble altar of Elyvilon.
  5187 | D:5      | Found a staircase to the Ecumenical Temple.
  5195 | Temple   | Entered the Ecumenical Temple
  5511 | Temple   | Became a worshipper of Sif Muna the Loreminder
  5778 | D:5      | Reached skill level 5 in Spellcasting
  6263 | D:2      | Noticed Natasha
  6273 | D:2      | Killed Natasha
  6489 | D:6      | Reached skill level 1 in Translocations
  6515 | D:6      | Reached skill level 1 in Air Magic
  6515 | D:6      | Reached skill level 1 in Invocations
  6692 | D:6      | Noticed Pikel
  6715 | D:6      | Killed Pikel
  6716 | D:6      | Reached skill level 2 in Invocations
  6716 | D:6      | Reached XP level 9. HP: 60/67 MP: 4/16
  6857 | D:6      | Learned a level 2 spell: Poisonous Vapours
  6909 | D:6      | Noticed Duvessa
  6909 | D:6      | Noticed Dowan
  6920 | D:6      | Killed Duvessa
  6947 | D:6      | Killed Dowan
  7623 | D:7      | Reached skill level 3 in Invocations
  7771 | D:7      | Reached skill level 5 in Evocations
  7879 | D:7      | Learned a level 3 spell: Gell's Gravitas
  7896 | D:7      | Reached * piety under Sif Muna
  7964 | D:7      | Reached skill level 4 in Invocations
  8608 | D:8      | Reached skill level 5 in Invocations
  8744 | D:8      | Reached skill level 1 in Hexes
  8773 | D:8      | Found Xyem's Distillery.
  8783 | D:8      | Bought a potion of mutation for 88 gold pieces
  8783 | D:8      | Bought a potion of berserk rage for 55 gold pieces
  8783 | D:8      | Lost mutation: You tend to lose your temper in combat.
                  | [potion of mutation]
  8783 | D:8      | Lost mutation: Your spells are a little easier to cast, but
                  | a little less powerful. [potion of mutation]
  8783 | D:8      | Gained mutation: Your system is resistant to poisons.
                  | (rPois) [potion of mutation]
  8865 | D:8      | Found a large runed translucent door.
  8866 | D:8      | Found a large runed translucent door.
  8873 | D:8      | Noticed a manticore
  8873 | D:8      | Noticed a tengu conjurer
  8879 | D:8      | Found a large runed translucent door.
  8879 | D:8      | Found a large runed translucent door.
  8914 | D:8      | Noticed a troll
  8919 | D:8      | Reached XP level 10. HP: 73/73 MP: 13/17
  8999 | D:8      | Found a runed translucent door.
  8999 | D:8      | Found a shimmering altar of Xom.
  8999 | D:8      | Noticed cookedgoose's ghost (novice DDNe)
  9079 | D:8      | Reached ** piety under Sif Muna
  9206 | D:8      | Noticed a manticore
  9218 | D:8      | Killed a manticore
  9219 | D:8      | Reached skill level 5 in Fire Magic
  9513 | D:8      | Noticed a +2 mace of chaos
  9596 | D:8      | Killed a manticore
 10272 | D:9      | Reached skill level 1 in Necromancy
 10272 | D:9      | Reached skill level 1 in Earth Magic
 10424 | D:9      | Reached skill level 6 in Invocations
 10865 | D:10     | Entered Level 10 of the Dungeon
 10871 | D:10     | Noticed a two-headed ogre
 10872 | D:10     | Found a blossoming altar of Fedhas.
 10885 | D:10     | Mangled by a two-headed ogre

Illustrated notes

Levels and vault maps discovered:
D:1:      doesnt_arrival_eight_statues, layout_basic,
          ebering_ecumenical_altar_box, serial_shops, nicolae_shop_behind_doors
D:2:      layout_basic, basic_altar, uniq_robin, uniq_natasha, uniq_jessica
D:3:      layout_basic, gup_sewer_entry_glass, minmay_rat_hole,
          uniq_crazy_yiuf_cottage, uniq_sigmund
D:4:      layout_rooms, mainiacjoe_overflow_big_doors, serial_shops,
          nicolae_shop_bloodbath_and_beyond, uniq_grinder
D:5:      layout_cave_pools, nicolae_elyvilon_temple_path,
          minmay_temple_entry_large_hall, uniq_edmund
D:6:      layout_basic, uniq_pikel, uniq_duvessa
D:7:      layout_basic
D:8:      layout_loops_ring, serial_shops, nicolae_stop_n_shop_2,
          ebering_ghost_xom, hangedman_decor_peaks_small,
          minmay_hollow_rounded_squares
D:9:      layout_loops_ring
D:10:     minmay_ornate_pinched, layout_rooms, mainiacjoe_overflow_alcove_1,
          mainiacjoe_overflow_boulevard, lair_entry_dummy,
          minmay_orc_entry_temple_small, chequers_serial_rivers_micro_c
Temple:   minmay_temple_bridge_d

Skill      XL: |  1  2  3  4  5  6  7  8  9 10 |
---------------+-------------------------------+-----
Stealth        | 2 3 |  3.0
Dodging        | 2 3 4 |  4.5
Long Blades    | 1 2 3 4 |  4.0
Conjurations   | 2 3 |  3.8
Spellcasting   | 3 4 5 |  5.4
Fire Magic     | 4 5 |  5.1
Fighting       | 1 2 |  2.0
Evocations     | 3 4 5 |  5.8
Transmutations | 1 2 3 |  3.3
Poison Magic   | 1 3 4 |  4.8
Translocations | 2 3 4 |  4.3
Air Magic      | 1 3 |  3.0
Invocations    | 2 5 6 |  6.0
Hexes          | 1 2 |  2.3
Necromancy     | 1 |  1.4
Earth Magic    | 1 |  1.7

Action                   |  1- 3 |  4- 6 |  7- 9 | 10-12 || total
-------------------------+-------+-------+-------+-------++-------
Melee: Scimitar          |     3 |    19 |   159 |    48 ||   229
       Tailslap          |       |     1 |    14 |       ||    15
       Punch             |       |       |       |     1 ||     1
Throw: Dart              |       |       |     9 |       ||     9
 Cast: Foxfire           |    51 |    58 |    71 |    11 ||   191
       Scorch            |    14 |    27 |    75 |    37 ||   153
       Conjure Flame     |       |       |    22 |       ||    22
       Sting             |       |       |    15 |     7 ||    22
       Poisonous Vapours |       |       |     9 |    14 ||    23
       Gell's Gravitas   |       |       |     3 |     1 ||     4
 Abil: Evoke Blink       |       |       |     1 |       ||     1
  Use: Scroll            |     2 |     2 |     9 |       ||    13
       Potion            |     1 |       |    11 |     4 ||    16
 Stab: Invisible         |       |       |       |     1 ||     1
Armor: Skin              |    17 |    23 |   167 |    96 ||   303
Dodge: Dodged            |    13 |    30 |   190 |    95 ||   328
